 Dungeon Crawl Stone Soup version 0.19-a0-450-g98b348d (webtiles) character file.

124 Kidiri the Magician (level 4, -2/24 HPs)
             Began as a Deep Elf Fire Elementalist on June 1, 2016.
             Shot with a stone by a goblin (3 damage)
             ... on level 2 of the Dungeon.
             The game lasted 00:06:48 (1816 turns).

Kidiri the Magician (Deep Elf Fire Elementalist)    Turns: 1816, Time: 00:06:49

Health: -2/24      AC:  3    Str:  5    XL:     4   Next: 81%
Magic:  1/12       EV: 13    Int: 21    God:
Gold:   54         SH:  0    Dex: 15    Spells: 4 memorised, 3 levels left

rFire  . . .     SeeInvis .     l - +0 mace (crush)
rCold  . . .     Gourm    .     a - +0 robe
rNeg   . . .     Faith    .     (no shield)
rPois  .         Spirit   .     m - +0 helmet (curse)
rElec  .         Dismiss  .     (no cloak)
rCorr  .         Reflect  .     (no gloves)
SustAt .         Harm     .     (no boots)
MR     .....                    (no amulet)
Stlth  ++........               (no ring)
                                (no ring)

@: lethally poisoned (-2 -> -4), not resistant to hostile enchantments,
unstealthy
A: no striking features
a: no special abilities


You were on level 2 of the Dungeon.
You were not hungry.

You visited 1 branch of the dungeon, and saw 2 of its levels.

You collected 54 gold pieces.

Inventory:

Hand Weapons
 h - a +0 dagger
 l - a +0 mace of crushing (weapon)
Armour
 a - a +0 robe (worn)
 m - a cursed +0 helmet (worn)
Scrolls
 f - 2 scrolls of blinking {unknown}
 g - 2 scrolls of identify {unknown}
 i - a scroll of teleportation {unknown}
 j - 2 scrolls of remove curse {unknown}
 n - a scroll of fog {unknown}
 p - a scroll of fear {unknown}
Potions
 e - a potion of lignification {unknown}
Books
 b - a book of Flames

   Spells                             Type                      Level
   a - Flame Tongue                   Conjuration/Fire             1
   b - Throw Flame                    Conjuration/Fire             2
   c - Conjure Flame                  Conjuration/Fire             3
   d - Inner Flame                    Hexes/Fire                   3
   e - Sticky Flame                   Conjuration/Fire             4
   f - Fireball                       Conjuration/Fire             5
Comestibles
 c - a bread ration
 d - 6 chunks of flesh
 k - a meat ration
 o - a beef jerky
 q - a slice of pizza


   Skills:
 - Level 2.4 Dodging
 - Level 2.4 Stealth
 + Level 4.5 Spellcasting
 + Level 2.9 Conjurations
 + Level 4.5 Fire Magic


You had 3 spell levels left.
You knew the following spells:

 Your Spells              Type           Power        Failure   Level  Hunger
a - Flame Tongue          Conj/Fire      ###..        2%          1    None
b - Throw Flame           Conj/Fire      ###...       4%          2    #......
c - Conjure Flame         Conj/Fire      ###.....     10%         3    ##.....
d - Inner Flame           Hex/Fire       ##......     17%         3    ##.....


Dungeon Overview and Level Annotations

Branches:
Dungeon (2/15)

Altars:


Message History

You see here a stone.
The kobold barely misses you.
You feel sick. The kobold closely misses you. The kobold hits you.
* * * LOW HITPOINT WARNING * * *
Casting: Flame Tongue
Confirm with . or Enter, or press ? or * to list all spells.
Aiming: Flame Tongue
Press: ? - help, Shift-Dir - straight line, f - kobold
Aim: a kobold, wearing a robe The flame tongue misses the kobold.
The kobold hits you but does no damage.
Casting: Flame Tongue
Confirm with . or Enter, or press ? or * to list all spells.
Aiming: Flame Tongue
Press: ? - help, Shift-Dir - straight line, f/p - kobold
Aim: a kobold, wearing a robe The flame tongue hits the kobold.
You kill the kobold!
The goblin shoots a stone.
The stone hits you.
You die...

.. #(#.......(..########.#≈≈≈≈
... #)#.#'##.#......#.....#....
.[.####.#.#.##...#....#.(...#.##.
........#<#.###.(#....#.....#.##.
.......)....g....+..............>
##........#.####g#...)......####.
##.....##.#.## #.....#.....#.....
''.....'.....###(................
##.....###...'..@..###.###<..####
####### #...####..##..)...###.(.
#...# .#.##..###.# #.## #...# .
..#..###.###.# #...# ..
......#..)...# +...# .#
......######## #...#.. ###....#
....! .....# ##.#..#


You could see a goblin.

Vanquished Creatures
  Jessica (D:2)
  Robin (D:2)
  3 adders (D:2)
  A dart slug (D:1)
  3 giant cockroaches
  15 goblins
  6 hobgoblins
  7 jackals
  3 bats (D:1)
  3 giant newts
  9 kobolds
  3 rats
  4 toadstools (D:1)
59 creatures vanquished.

Notes
Turn   | Place    | Note
--------------------------------------------------------------
     0 | D:1      | Kidiri the Deep Elf Fire Elementalist began the quest for the Orb.
     0 | D:1      | Reached XP level 1. HP: 10/10 MP: 6/6
   290 | D:1      | Reached XP level 2. HP: 15/15 MP: 2/8
   294 | D:1      | Learned a level 2 spell: Throw Flame
   863 | D:2      | Noticed Jessica
   873 | D:2      | Killed Jessica
   873 | D:2      | Reached XP level 3. HP: 15/19 MP: 0/10
   878 | D:2      | Learned a level 3 spell: Conjure Flame
   882 | D:2      | Learned a level 3 spell: Inner Flame
  1371 | D:2      | Noticed Robin
  1413 | D:2      | Reached XP level 4. HP: 22/24 MP: 0/12
  1510 | D:2      | Killed Robin
  1814 | D:2      | HP: 1/24 [kobold (3)]
  1816 | D:2      | Shot with a stone by a goblin

Vault maps used:
D:1:      ldierk_water_garden, minmay_misc_feat_rows, columned_hall_lemuel,
          due_unseen_surprise
D:2:      kennysheep_goblin_castle, lightli_temple_of_fire,
          nicolae_tso_carved_into_rock, grunt_temple_overflow_open, uniq_jessica

Skill      XL: |  1  2  3 |
---------------+----------+-----
Conjurations   | 2 |  2.9
Fire Magic     | 4 |  4.5
Spellcasting   | 4 |  4.5
Dodging        | |  2.4
Stealth        | |  2.4

Action                   |  1- 3 |  4- 6 || total
-------------------------+-------+-------++-------
Melee: Unarmed           |     5 |       ||     5
       Dagger            |    22 |     4 ||    26
       Mace              |       |    15 ||    15
 Cast: Flame Tongue      |    46 |    21 ||    67
       Throw Flame       |     2 |     9 ||    11
       Conjure Flame     |     2 |       ||     2
       Inner Flame       |     1 |       ||     1
 Stab: Sleeping          |     1 |       ||     1
  Eat: Chunk             |     2 |     1 ||     3
Armor: Robe              |     3 |     5 ||     8
Dodge: Dodged            |    24 |    32 ||    56
